 Dungeon Crawl Stone Soup version 0.21-a0-361-g4efd3f9 (webtiles) character file.

297 Monsterracer the Skirmisher (level 6, -18/53 HPs)
             Began as a Gnoll Wanderer on Oct 13, 2017.
             Demolished by an ogre
             ... wielding a +0 giant spiked club
              (26 damage)
             ... on level 4 of the Dungeon.
             The game lasted 00:04:36 (2590 turns).

Monsterracer the Skirmisher (Gnoll Wanderer)        Turns: 2590, Time: 00:04:37

Health: -18/53     AC:  8    Str: 16    XL:     6   Next: 35%
Magic:  8/8        EV: 10    Int: 16    God:
Gold:   130        SH:  0    Dex: 13    Spells: 8/8 levels left

rFire    . . .     SeeInvis .   a - +2 spear
rCold    . . .     Gourm    .   (no shield)
rNeg     . . .     Faith    .   o - +0 scale mail
rPois    .         Spirit   .   (no helmet)
rElec    .         Reflect  .   v - +0 cloak
rCorr    .         Harm     .   (no gloves)
MR       .....                  (no boots)
Stlth    +.........             (no amulet)
HPRegen  0.17/turn              g - ring of wizardry
MPRegen  0.11/turn              (no ring)

@: no status effects
A: distributed training, fangs 1, strong nose
a: no special abilities


You were on level 4 of the Dungeon.
You were hungry.

You visited 1 branch of the dungeon, and saw 4 of its levels.

You collected 130 gold pieces.

Inventory:

Hand Weapons
 a - a +2 spear (weapon)
 b - a +1 dagger of protection
Armour
 o - a +0 scale mail (worn)
 v - a +0 cloak (worn)
Jewellery
 g - a ring of wizardry (left hand)
 l - an uncursed ring of ice
Scrolls
 d - a scroll of immolation {unknown}
 e - 2 scrolls of identify {unknown}
 k - 5 scrolls of remove curse {unknown}
 r - 3 scrolls of fear {unknown}
 t - a scroll of teleportation
Potions
 c - a potion of curing
 h - a potion of ambrosia {unknown}
 j - 2 potions of heal wounds {unknown}
 n - a potion of haste {unknown}
 q - 2 potions of degeneration {unknown}
 u - a potion of lignification {unknown}
Comestibles
 f - 3 bread rations
 i - 3 fruits
 m - a royal jelly
 p - 2 meat rations


   Skills:
 + Level 6.8 Fighting
 + Level 1.9 Short Blades
 + Level 1.9 Long Blades
 + Level 1.9 Axes
 + Level 3.2 Maces & Flails
 + Level 4.9 Polearms
 + Level 1.9 Staves
 + Level 1.9 Slings
 + Level 1.9 Bows
 + Level 1.9 Crossbows
 + Level 1.9 Throwing
 + Level 4.9 Armour
 + Level 1.9 Dodging
 + Level 3.0 Stealth
 + Level 3.2 Shields
 + Level 1.9 Unarmed Combat
 + Level 1.9 Spellcasting
 + Level 1.5 Conjurations
 + Level 1.5 Hexes
 + Level 1.5 Charms
 + Level 1.5 Summonings
 + Level 1.5 Necromancy
 + Level 1.5 Translocations
 + Level 1.5 Transmutations
 + Level 1.5 Fire Magic
 + Level 1.5 Ice Magic
 + Level 1.5 Air Magic
 + Level 1.5 Earth Magic
 + Level 1.5 Poison Magic
 + Level 2.1 Invocations
 + Level 1.9 Evocations


You had 8 spell levels left.
You didn't know any spells.

Dungeon Overview and Level Annotations

Branches:
Dungeon (4/15)
 Temple: D:4-7

Altars:


Innate Abilities, Weirdness & Mutations

Your experience applies equally to all skills.
You have very sharp teeth.
Your uncanny sense of smell can sniff out nearby items.


Message History

The ogre closely misses you.
You hit the ogre. Your bite misses the ogre.
The ogre is severely wounded.
You hit the ogre.
The ogre is severely wounded.
The ogre closely misses you.
You hit the ogre but do no damage.
The ogre is severely wounded.
You barely miss the ogre.
The ogre is severely wounded.
The ogre barely misses you.
You hit the ogre.
The ogre is severely wounded.
The ogre hits you with a giant spiked club!!
* * * LOW HITPOINT WARNING * * *
Huge Dmg: -47%(-25hp) hp: 29%(15hp)
You hit the ogre. You bite the ogre, but do no damage.
The ogre is almost dead.
You hit the ogre but do no damage.
The ogre is almost dead.
The ogre hits you with a giant spiked club!
* * * LOW HITPOINT WARNING * * *
Huge Dmg: -13%(-7hp) hp: 16%(8hp)
You are feeling hungry.
You barely miss the ogre. Your bite misses the ogre.
The ogre is almost dead.
You hit the ogre.
The ogre is almost dead.
The ogre hits you with a giant spiked club!!
You die...

#.####.#####.
#..........
#.####...#
#.###.#####.#.##
#..........###.#
###########.#.##
#..# #..# #.@#
#.O# #..# #..#
...# ..... ###.#
#.#


You could see an ogre.

Vanquished Creatures
  Sigmund (D:3)
  A crimson imp (D:3)
  3 gnolls (D:3)
  3 adders
  2 worms
  A dart slug (D:2)
  A leopard gecko (D:1)
  3 orcs (D:3)
  3 giant cockroaches
  7 hobgoblins
  3 jackals (D:4)
  5 kobolds
  A ball python (D:3)
  4 bats
  3 frilled lizards
  5 goblins
  11 rats
57 creatures vanquished.

Notes
Turn   | Place    | Note
-------+----------+-------------------------------------------
     0 | D:1      | Monsterracer the Gnoll Wanderer began the quest for the Orb.
     0 | D:1      | Monsterracer set off with: a +2 spear, a scroll of teleportation, a potion of curing, a +0 robe, a bread ration
     0 | D:1      | Reached XP level 1. HP: 23/23 MP: 1/1
   119 | D:1      | Reached XP level 2. HP: 25/29 MP: 2/2
   918 | D:1      | Reached XP level 3. HP: 34/35 MP: 3/3
  1290 | D:2      | Reached skill level 1 in Invocations
  1547 | D:2      | You fall through a shaft!
  1694 | D:2      | Noticed Sigmund
  1714 | D:3      | Killed Sigmund
  1714 | D:3      | Reached skill level 1 in Short Blades
  1714 | D:3      | Reached skill level 1 in Long Blades
  1714 | D:3      | Reached skill level 1 in Axes
  1714 | D:3      | Reached skill level 1 in Staves
  1714 | D:3      | Reached skill level 1 in Slings
  1714 | D:3      | Reached skill level 1 in Bows
  1714 | D:3      | Reached skill level 1 in Crossbows
  1714 | D:3      | Reached skill level 1 in Throwing
  1714 | D:3      | Reached skill level 1 in Dodging
  1714 | D:3      | Reached skill level 1 in Unarmed Combat
  1714 | D:3      | Reached skill level 1 in Spellcasting
  1714 | D:3      | Reached skill level 1 in Conjurations
  1714 | D:3      | Reached skill level 1 in Hexes
  1714 | D:3      | Reached skill level 1 in Charms
  1714 | D:3      | Reached skill level 1 in Summonings
  1714 | D:3      | Reached skill level 1 in Necromancy
  1714 | D:3      | Reached skill level 1 in Translocations
  1714 | D:3      | Reached skill level 1 in Transmutations
  1714 | D:3      | Reached skill level 1 in Fire Magic
  1714 | D:3      | Reached skill level 1 in Ice Magic
  1714 | D:3      | Reached skill level 1 in Air Magic
  1714 | D:3      | Reached skill level 1 in Earth Magic
  1714 | D:3      | Reached skill level 1 in Poison Magic
  1714 | D:3      | Reached skill level 1 in Evocations
  1714 | D:3      | Reached XP level 4. HP: 13/41 MP: 4/6
  1714 | D:3      | Reached XP level 5. HP: 15/47 MP: 4/7
  2030 | D:3      | Reached XP level 6. HP: 41/53 MP: 8/8
  2590 | D:4      | Demolished by an ogre

Vault maps used:
D:1:      elethiomel_arrival_infinity_welcomes_careful_drivers
D:2:      serial_glass, glass_columns_a, glass_columns_a, glass_columns_a,
          glass_columns_a, glass_columns_a, glass_columns_a, glass_columns_b,
          glass_columns_a, uniq_sigmund
D:4:      minmay_small_thing, uniq_grinder

Skill      XL: |  1  2  3  4  5  6 |
---------------+-------------------+-----
Invocations    | 1 2 |  2.1
Short Blades   | 1 |  1.9
Long Blades    | 1 |  1.9
Axes           | 1 |  1.9
Maces & Flails | 3 |  3.2
Staves         | 1 |  1.9
Slings         | 1 |  1.9
Bows           | 1 |  1.9
Crossbows      | 1 |  1.9
Throwing       | 1 |  1.9
Dodging        | 1 |  1.9
Shields        | 3 |  3.2
Unarmed Combat | 1 |  1.9
Spellcasting   | 1 |  1.9
Conjurations   | 1 |  1.5
Hexes          | 1 |  1.5
Charms         | 1 |  1.5
Summonings     | 1 |  1.5
Necromancy     | 1 |  1.5
Translocations | 1 |  1.5
Transmutations | 1 |  1.5
Fire Magic     | 1 |  1.5
Ice Magic      | 1 |  1.5
Air Magic      | 1 |  1.5
Earth Magic    | 1 |  1.5
Poison Magic   | 1 |  1.5
Evocations     | 1 |  1.9
Stealth        | 3 |  3.0
Fighting       | |  6.8
Polearms       | |  4.9
Armour         | |  4.9

Action                   |  1- 3 |  4- 6 || total
-------------------------+-------+-------++-------
Melee: Spear             |   120 |   127 ||   247
       Bite              |     9 |     9 ||    18
 Stab: Sleeping          |     8 |       ||     8
  Eat: Chunk             |     2 |     3 ||     5
Armor: Robe              |    11 |       ||    11
       Scale mail        |       |    33 ||    33
Dodge: Dodged            |    40 |    48 ||    88

Table legend:
 A = Spawn XP
 B = Non-spawn XP
 C = Spawn XP percentage of total XP
 D = Spawn monster count
 E = Non-spawn monster count
 F = Spawn count percentage of total count
 G = Total turns spent on level
                    A         B        C        D         E        F      G
               +---------+---------+-------+---------+---------+-------+---------
         Total |       0 |     425 |   0.0 |       0 |      57 |   0.0 |  2590
               +---------+---------+-------+---------+---------+-------+---------
           D:1 |       0 |      35 |   0.0 |       0 |      24 |   0.0 |  1078
           D:2 |       0 |      32 |   0.0 |       0 |      10 |   0.0 |   474
           D:3 |       0 |     352 |   0.0 |       0 |      20 |   0.0 |   964
           D:4 |       0 |       6 |   0.0 |       0 |       3 |   0.0 |    74
               +---------+---------+-------+---------+---------+-------+---------

Vault maps used:
D:1:      elethiomel_arrival_infinity_welcomes_careful_drivers
D:2:      serial_glass, glass_columns_a, glass_columns_a, glass_columns_a,
          glass_columns_a, glass_columns_a, glass_columns_a, glass_columns_b,
          glass_columns_a, uniq_sigmund
D:4:      minmay_small_thing, uniq_grinder
